 Dungeon Crawl Stone Soup version 0.31.0-9-g3a7656b989 (webtiles) character file.

Game seed: 15693491187300921481

173 qw the Skirmisher (level 5, -2/29 HPs)
             Began as a Deep Elf Hunter on Feb 2, 2024.
             Slain by an ogre
             ... wielding a +0 giant club
              (23 damage)
             ... on level 3 of the Dungeon.
             The game lasted 00:00:10 (2362 turns).

qw the Skirmisher (Deep Elf Hunter)                 Turns: 2362, Time: 00:00:11

Health: -2/29      AC:  9    Str: 10    XL:     5   Next: 28%
Magic:  7/7        EV: 11    Int: 14    God:
Gold:   120        SH:  0    Dex: 18    Spells: 4/4 levels left

rFire   . . .        a - +0 shortbow
rCold   . . .        (shield currently unavailable)
rNeg    . . .        f - +0 ring mail
rPois   .            (no helmet)
rElec   .            (no cloak)
rCorr   .            (no gloves)
SInv    .            (no boots)
Will    .....        e - amulet of the acrobat
Stlth   +            j - +4 ring of protection
HPRegen 0.24/turn    (no ring)
MPRegen 0.10/turn

%: acrobat
@: no status effects
A: no striking features
a: no special abilities


You were on level 3 of the Dungeon.
You visited 1 branch of the dungeon, and saw 4 of its levels.

You collected 120 gold pieces.


   Skills:
 - Level 1.5 Fighting
 + Level 8.7 Ranged Weapons
 - Level 2.4 Dodging
 - Level 1.2 Stealth


You had 4 spell levels left.
You didn't know any spells.
Your spell library was empty.

Inventory:

Hand Weapons
 a - a +0 shortbow (weapon)
Armour
 f - a +0 ring mail (worn)
Jewellery
 e - an amulet of the acrobat (around neck)
 j - a +4 ring of protection (left hand)
Scrolls
 i - a scroll of teleportation
Potions
 b - 2 potions of curing
 h - 3 potions of enlightenment

Dungeon Overview and Level Annotations

Branches:
Dungeon (4/15)
 Temple: D:4-7

Altars:
Elyvilon
Uskayaw
Yredelemnul
Zin

Shops:
D:2 =


Message History

2354 ||| STAIRDANCE The jelly closely misses you.
The ogre barely misses you.
You climb upwards.
There is a stone staircase leading down here.
Enter note:
Enter note:
Enter note:
Enter note:
Enter note:
Enter note:
Enter note:
Enter note:
2356 ||| RETREEEEATING.
Enter note:
Enter note:
Enter note:
Enter note:
2357 ||| RETREEEEATING.
The ogre completely misses you. The jelly hits you but does no damage.
Enter note:
Enter note:
Enter note:
Enter note:
2358 ||| RETREEEEATING.
Enter note:
Enter note:
Enter note:
Enter note:
2359 ||| RETREEEEATING.
The ogre attacks as it pursues you! The ogre closely misses you.
You shoot an arrow. The arrow hits the ogre.
The ogre is moderately wounded.
You shoot an arrow. The arrow hits the ogre!
The ogre is heavily wounded.
The ogre barely misses you.
You shoot an arrow. The arrow hits the ogre.
The ogre is heavily wounded.
The ogre hits you with a +0 giant club!!
Ouch! That really hurt!
You die...

#.#.######.########...
#.#........#......#.#.
#[#####....#.####.#.#.
#[#...#.##.#.#....#.#.
#[...>................
###......#.#........#.
#..J...#.#.....####.
####.#O##.#.#..........
#....#@##.#.#.#.#...#.#
#.##.#.##.#.#.#.###.#.#
#.####.##.#.#.#.# #...#
#......##.....#.####...
###########.#.#......<#
#......#......##.#
#.##..............
#.##.####.....##..
#.............###.


You could see an ogre and a jelly.

Vanquished Creatures
  An iguana (D:3)
  An orc wizard (D:3)
  5 adders
  2 ribbon worms
  A dart slug (D:1)
  8 orcs (D:3)
  6 bats
  3 endoplasms
  4 giant cockroaches
  4 hobgoblins
  8 kobolds
  4 quokkas
  5 ball pythons
  3 frilled lizards
  5 goblins
  4 rats
64 creatures vanquished.

Notes
Turn   | Place    | Note
-------+----------+-------------------------------------------
     0 | D:1      | qw the Deep Elf Hunter began the quest for the Orb.
     0 | D:1      | Reached XP level 1. HP: 12/12 MP: 3/3
     0 | D:1      | 0 ||| qw: Version: 0.3-a-155-g5e7d8dd
     0 | D:1      | 0 ||| qw: Game counter: 1721
     0 | D:1      | 0 ||| qw: Melee chars always use a shield: true
     0 | D:1      | 0 ||| qw: God list: Okawaru
     0 | D:1      | 0 ||| qw: Allow faded altars: false
     0 | D:1      | 0 ||| qw: Do Orc after clearing Dungeon:15 true
     0 | D:1      | 0 ||| qw: Do second Lair branch before Depths: true
     0 | D:1      | 0 ||| qw: Lair rune preference: random
     0 | D:1      | 0 ||| qw: Goals: Normal
     0 | D:1      | 0 ||| PLANNING D:1-11
   169 | D:1      | Reached XP level 2. HP: 16/16 MP: 4/4
   211 | D:1      | Reached skill level 6 in Ranged Weapons
   389 | D:1      | You fall into a shaft and drop 1 floor!
   390 | D:2      | 390 ||| UPGRADING to +0 ring mail.
   400 | D:2      | 400 ||| FLEEEEING.
   401 | D:2      | 401 ||| FLEEEEING.
   402 | D:2      | 402 ||| STAIRDANCE
   404 | D:1      | 404 ||| DROPPING +0 leather armour.
   694 | D:1      | 694 ||| UPGRADING to amulet of the acrobat.
   699 | D:1      | 699 ||| READING 2 scrolls labelled SIDUINOEW.
   700 | D:1      | 700 ||| DROPPING scroll of butterflies.
   735 | D:2      | Reached XP level 3. HP: 20/20 MP: 5/5
   791 | D:2      | Found a faded altar of an unknown god.
   895 | D:2      | Found Ajegeg's Jewellery Boutique.
   903 | D:2      | 903 ||| SHOPLISTING +4 ring of slaying (1014 gold, have
                  | 82).
   903 | D:2      | 903 ||| SHOPLISTING +5 ring of evasion (468 gold, have 82).
   903 | D:2      | 903 ||| SHOPLISTING +6 ring of strength (468 gold, have
                  | 82).
   903 | D:2      | 903 ||| SHOPLISTING amulet of reflection (390 gold, have
                  | 82).
   903 | D:2      | 903 ||| SHOPLISTING ring of ice (325 gold, have 82).
   903 | D:2      | 903 ||| SHOPLISTING ring of protection from fire (325 gold,
                  | have 82).
   919 | D:2      | Reached skill level 7 in Ranged Weapons
  1476 | D:2      | 1476 ||| UPGRADING to +4 ring of protection.
  1477 | D:2      | 1477 ||| READING 2 scrolls of identify.
  1477 | D:2      | 1477 ||| IDENTIFYING amethyst potion
  1478 | D:2      | 1478 ||| READING scroll of identify.
  1478 | D:2      | 1478 ||| IDENTIFYING 2 fizzy orange potions
  1479 | D:2      | 1479 ||| READING scroll labelled WOKEYG KEXACE.
  1482 | D:2      | 1482 ||| DRINKING 2 yellow potions.
  1483 | D:2      | 1483 ||| DRINKING 2 metallic orange potions.
  1529 | D:2      | 1529 ||| DROPPING potion of attraction.
  1530 | D:2      | 1530 ||| DROPPING potion of lignification.
  1649 | D:3      | Reached XP level 4. HP: 25/25 MP: 6/6
  1686 | D:3      | Reached skill level 8 in Ranged Weapons
  1745 | D:3      | Reached XP level 5. HP: 29/29 MP: 7/7
  1990 | D:3      | Found a white marble altar of Elyvilon.
  2030 | D:3      | Found a glowing silver altar of Zin.
  2117 | D:3      | Found a basalt altar of Yredelemnul.
  2303 | D:3      | Found a hide-covered altar of Uskayaw.
  2305 | D:3      | 2305 ||| READING scroll of identify.
  2305 | D:3      | 2305 ||| IDENTIFYING scroll labelled CENONE KUNGA
  2306 | D:3      | 2306 ||| READING scroll labelled HIUSAD CASU.
  2307 | D:3      | 2307 ||| DROPPING scroll of vulnerability.
  2342 | D:4      | Noticed an ogre
  2347 | D:4      | 2347 ||| STAIRDANCE
  2354 | D:4      | 2354 ||| STAIRDANCE
  2356 | D:3      | 2356 ||| RETREEEEATING.
  2357 | D:3      | 2357 ||| RETREEEEATING.
  2358 | D:3      | 2358 ||| RETREEEEATING.
  2359 | D:3      | 2359 ||| RETREEEEATING.
  2362 | D:3      | Slain by an ogre

Levels and vault maps discovered:
D:1:      eino_arrival_cavern_b, layout_loops_ring, serial_bayou_pond_b,
          minmay_tetromino_t2
D:2:      layout_basic, ebering_ecumenical_altar_hall, serial_shops, shop_statue
D:3:      layout_basic, overflow_temple_1_default, nicolae_uskayaw_suspiria,
          kennysheep_ying_yang, minmay_misc_feat_encased
D:4:      layout_cave_pods, mainiacjoe_overflow_cross_hatched, tso_oasis_becter

Skill      XL: |  1  2  3  4 |
---------------+-------------+-----
Ranged Weapons | 6 7 8 |  8.7
Fighting       | |  1.5
Dodging        | |  2.4
Stealth        | |  1.2

Action                     |  1- 3 |  4- 6 || total
---------------------------+-------+-------++-------
   Fire: Shortbow          |   149 |    82 ||   231
    Use: Scroll            |     4 |     2 ||     6
         Potion            |     2 |       ||     2
 Armour: Leather armour    |    34 |       ||    34
         Ring mail         |    23 |    21 ||    44
  Dodge: Dodged            |    54 |    26 ||    80

Table legend:
 A = Non-vault XP
 B = Vault XP
 C = Vault XP percentage of total XP
 D = Non-vault monster count
 E = Vault monster count
 F = Vault count percentage of total count
                 A         B        C        D         E       F
            +---------+---------+-------+---------+---------+-------
      Total |     240 |       8 |   3.2 |      59 |       5 |   7.8
            +---------+---------+-------+---------+---------+-------
        D:1 |      26 |       8 |  23.5 |      15 |       5 |  25.0
        D:2 |      57 |       0 |   0.0 |      19 |       0 |   0.0
        D:3 |     151 |       0 |   0.0 |      23 |       0 |   0.0
        D:4 |       6 |       0 |   0.0 |       2 |       0 |   0.0
            +---------+---------+-------+---------+---------+-------
